 Dungeon Crawl Stone Soup version 0.30-a0-304-gdc4b735fe1 (webtiles) character file.

Game seed: 5919050435274534176

7 Sobieck the Digger (level 2, -1/15 HPs)
             Began as a Kobold Earth Elementalist on Oct 20, 2022.
             Slain by a kobold
             ... wielding a +0 whip
              (5 damage)
             ... on level 1 of the Dungeon.
             The game lasted 00:00:49 (182 turns).

Sobieck the Digger (Kobold Earth Elementalist)       Turns: 182, Time: 00:00:50

Health: -1/15      AC:  2    Str:  5    XL:     2   Next: 10%
Magic:  0/5        EV: 15    Int: 16    God:
Gold:   10         SH:  0    Dex: 15    Spells: 4/5 levels left

rFire   . . .      SeeInvis .    (weapon restricted)
rCold   . . .      Faith    .    (no shield)
rNeg    . . .      Spirit   .    a - +0 robe
rPois   .          Reflect  .    (no helmet)
rElec   .          Harm     .    (no cloak)
rCorr   .          Rampage  .    (no gloves)
Will    .....                    (no boots)
Stlth   +++.......               (no amulet)
HPRegen 0.22/turn                (no ring)
MPRegen 0.09/turn                (no ring)

@: no status effects
A: small, no large weapons, nightstalker 3
a: no special abilities


You were on level 1 of the Dungeon.
You visited 1 branch of the dungeon, and saw 1 of its levels.

You collected 10 gold pieces.


Innate Abilities, Weirdness & Mutations

You are small and have problems with some larger weapons.
You are completely attuned to the shadows.


   Skills:
 - Level 2.4 Dodging
 + Level 3.1 Stealth
 + Level 2.4 Spellcasting
 - Level 1.0 Transmutations
 + Level 3.1 Earth Magic


You had 4 spell levels left.
You knew the following spells:

 Your Spells              Type           Power      Damage    Failure   Level
a - Sandblast             Erth           24%        2d8       5%          1

Your spell library contained the following spells:

 Spells                   Type           Power      Damage    Failure   Level
 Passwall                 Tmut/Erth      6%         N/A       13%         2
 Stone Arrow              Conj/Erth      14%        3d7       30%         3
 Petrify                  Tmut/Erth      8%         N/A       63%         4

Inventory:

Missiles
 d - a stone {throwing}
Armour
 a - a +0 robe (worn)
Potions
 b - a potion of magic
 c - a potion of lignification {unknown}
 e - a potion of berserk rage {unknown}

Dungeon Overview and Level Annotations

Branches:
Dungeon (1/15) Zot: 5812

Altars:

##########.#.# #.# #
#........#.#.# #.###
#.#......#.#.#.#
#.##.
#.#........#.#.#
#.##.
#.#........#.#.#
#....
#.#.#..........#.#
#.###
...............#.#
#.# #
.####..........#.#
#.# #............#@#
#.#
†.(.##.........#K#
#$#!##.........#.####
#.(..#...............
h.##)#.........#.###.
#######.#.# #.#.#
###†#.### ..........


You could see a kobold.


Message History

🤖 Initializing magus.rc ...
Options error: Bad monster_list_colour key: strict_neutral (~/.crawlrc:4812) Bad channel name for runrest: 'pray:' ✅ Successfully initialized magus_sobieck.rc [v0.0.4] Welcome, Sobieck the Kobold Earth Elementalist.
The Orb of Zot is coveted for many reasons.
Will you seize it for your own?
Press ? for a list of commands and other information.
Found a lumpy pink potion.
Found a staircase leading out of the dungeon.
Unknown command.
Unknown command.
c - a lumpy pink potion Unknown command.
You enter the shallow water.
Moving in this stuff is going to be slow.
d - a stone {throwing} You now have 10 gold pieces.
An endoplasm comes into view.
Danger!
The blast of sand hits the endoplasm!
You kill the endoplasm!
Unknown command.
e - an orange potion Unknown command.
A ball python and a bat come into view.
Danger!
The blast of sand hits the ball python.
You kill the ball python!
The bat misses you.
You miscast Sandblast.
You are very lightly contaminated with residual magic.
Nothing appears to happen.
The bat misses you. The bat hits you.
The blast of sand hits the bat!
You kill the bat!
Unknown command.
Your magical contamination has completely faded away.
You see here a bat corpse.
You see here a bat corpse.
A bat and a goblin come into view.
Unknown command.
Danger!
The blast of sand hits the bat!
You kill the bat!
Unknown command.
The blast of sand hits the goblin!
You kill the goblin!
You hear a shout!
Your Stealth skill increases to level 3!
Unknown command.
A kobold comes into view. It is wielding a +0 whip.
A rat comes into view.
Danger!
The blast of sand hits the rat!
You kill the rat!
A jackal comes into view.
You have reached level 2!
Unknown command.
You are out of magic!
Unknown command.
The kobold attacks as you move away! The kobold misses you.
The kobold attacks as you move away! The kobold misses you.
The kobold attacks as you move away! The kobold hits you with a +0 whip.
The jackal attacks as you move away! The jackal closely misses you. x2
The kobold attacks as you move away! The kobold hits you with a +0 whip.
* * * LOW HITPOINT WARNING * * *
The jackal attacks as you move away! The jackal closely misses you.
The jackal attacks as you move away! The jackal bites you.
* * * LOW HITPOINT WARNING * * *
The jackal bites you but does no damage.
The jackal bites you.
* * * LOW HITPOINT WARNING * * *
Unknown command.
Casting: Sandblast (safe; 5% risk of failure)
Confirm with . or Enter, or press ? or * to list all spells.
Aiming: Sandblast (safe; 5% risk of failure)
Press: ? - help, Shift-Dir - straight line, f - jackal
Aim: a jackal (77% to hit)
The blast of sand misses the jackal.
The jackal closely misses you. The jackal barely misses you.
Unknown command.
Unknown command.
You barely miss the jackal. The jackal completely misses you.
Unknown command.
Unknown command.
Casting: Sandblast (safe; 5% risk of failure)
Confirm with . or Enter, or press ? or * to list all spells.
Aiming: Sandblast (safe; 5% risk of failure)
Press: ? - help, Shift-Dir - straight line, f/p - jackal
Aim: a jackal (77% to hit)
The blast of sand hits the jackal.
You kill the jackal!
The kobold misses you.
Unknown command.
The kobold attacks as you move away! The kobold hits you with a +0 whip.
You die...

Skill      XL: |  1 |
---------------+----+-----
Stealth        | 3 |  3.1
Dodging        | |  2.4
Spellcasting   | |  2.4
Transmutations | |  1.0
Earth Magic    | |  3.1

Action                   || total
-------------------------++-------
Melee: Unarmed           ||     1
 Cast: Sandblast         ||     8
Armor: Robe              ||     1
Dodge: Dodged            ||    11

Levels and vault maps discovered:
D:1:      eino_arrival_cavern_b, layout_basic,
          shapermc_ecumenical_altar_mp_vishouse, minmay_hexomino_p4

Notes
Turn   | Place    | Note
-------+----------+-------------------------------------------
     0 | D:1      | Sobieck the Kobold Earth Elementalist began the quest for
                  | the Orb.
     0 | D:1      | Reached XP level 1. HP: 10/10 MP: 3/3
   162 | D:1      | Reached skill level 3 in Stealth
   164 | D:1      | Reached XP level 2. HP: 15/15 MP: 0/5
   178 | D:1      | HP: 3/15 [jackal (3)]
   182 | D:1      | Slain by a kobold

Vanquished Creatures
  A ball python (D:1)
  An endoplasm (D:1)
  A goblin (D:1)
  A jackal (D:1)
  2 bats (D:1)
  A rat (D:1)
7 creatures vanquished.

Table legend:
 A = Non-vault XP
 B = Vault XP
 C = Vault XP percentage of total XP
 D = Non-vault monster count
 E = Vault monster count
 F = Vault count percentage of total count
                 A         B        C        D         E       F
            +---------+---------+-------+---------+---------+-------
      Total |       7 |       4 |  36.4 |       4 |       3 |  42.9
            +---------+---------+-------+---------+---------+-------
        D:1 |       7 |       4 |  36.4 |       4 |       3 |  42.9
            +---------+---------+-------+---------+---------+-------

Illustrated notes

Table legend:
 A = Kills in this place as a percentage of kills in entire the game.
 B = Kills by you in this place as a percentage of kills by you in the entire game.
 C = Kills by friends in this place as a percentage of kills by friends in the entire game.
 D = Other kills in this place as a percentage of other kills in the entire game.
 E = Experience gained in this place as a percentage of experience gained in the entire game.
 F = Experience gained in this place divided by the number of levels of this place that you have seen.
                   A       B       C       D       E      F
               +-------+-------+-------+-------+-------+----------------------
         Total | 100.0 | 100.0 |   N/A |   N/A | 100.0 |  11.0
       Dungeon | 100.0 | 100.0 |   N/A |   N/A | 100.0 |  11.0
               +-------+-------+-------+-------+-------+----------------------

Table legend: (Time is in decaauts)
 A = Elapsed time spent in this place.
 B = Non-inter-level travel time spent in this place.
 C = Inter-level travel time spent in this place.
 D = Time resting spent in this place.
 E = Time spent auto-exploring this place.
 F = Levels seen in this place.
 G = Mean time per level.
                   A        B        C        D        E       F      G
               +--------+--------+--------+--------+--------+-----+--------+
         Total |    187 |    187 |      0 |      0 |    151 |   1 |  187.0 |
       Dungeon |    187 |    187 |      0 |      0 |    151 |   1 |  187.0 |
               +--------+--------+--------+--------+--------+-----+--------+

Top non-repeatable levels by time:
     D:1: 187 daAuts
